 Dungeon Crawl Stone Soup version 0.31.0-11-ge490571c62 (webtiles) character file.

Game seed: 16671883466139757059

686 qw the Skirmisher (level 7, -7/40 HPs)
             Began as a Deep Elf Hunter on Feb 4, 2024.
             Mangled by an ogre
             ... wielding a +0 giant club
              (20 damage)
             ... on level 5 of the Dungeon.
             The game lasted 00:00:15 (3522 turns).

qw the Skirmisher (Deep Elf Hunter)                 Turns: 3522, Time: 00:00:15

Health: -7/40      AC:  8    Str: 10    XL:     7   Next: 35%
Magic:  9/9        EV: 11    Int: 14    God:
Gold:   191        SH:  0    Dex: 18    Spells: 6/6 levels left

rFire   . . .        a - +0 shortbow (elec)
rCold   . . .        (shield currently unavailable)
rNeg    . . .        b - +0 ring mail
rPois   .            d - +0 helmet
rElec   .            (no cloak)
rCorr   .            e - +1 pair of gloves
SInv    .            (no boots)
Will    .....        (no amulet)
Stlth   +            (no ring)
HPRegen 0.26/turn    (no ring)
MPRegen 0.11/turn

%: no passive effects
@: no status effects
A: no striking features
a: no special abilities


You were on level 5 of the Dungeon.
You visited 1 branch of the dungeon, and saw 5 of its levels.

You collected 191 gold pieces.


   Skills:
 - Level 2.0 Fighting
 + Level 11.2 Ranged Weapons
 - Level 1.1 Armour
 - Level 3.0 Dodging
 - Level 1.2 Stealth


You had 6 spell levels left.
You didn't know any spells.
Your spell library was empty.

Inventory:

Hand Weapons
 a - a +0 shortbow of electrocution (weapon)
Armour
 b - a +0 ring mail (worn)
 d - a +0 helmet (worn)
 e - a +1 pair of gloves (worn)
Wands
 n - a wand of flame (18)
Scrolls
 c - a scroll of fear {unknown}
 m - 2 scrolls of teleportation
Potions
 g - a potion of resistance

Dungeon Overview and Level Annotations

Branches:
Dungeon (5/15)
 Temple: D:4-7

Altars:
Elyvilon
Kikubaaqudgha
Sif Muna
Trog
Vehumet

Annotations:
D:2 1 runed translucent door, Crazy Yiuf
D:3 1 runed translucent door, qw's ghost, amateur DEHu


Message History

3434 ||| FLEEEEING.
You start resting.
A jelly is nearby!
3458 ||| FLEEEEING.
You start resting.
A jelly is nearby!
3470 ||| FLEEEEING.
You start resting.
A jelly is nearby!
You shoot an arrow. The jelly quivers.
The arrow hits the jelly but does no damage.
You shoot an arrow. The arrow hits the jelly.
The jelly is lightly wounded.
You shoot an arrow.
The arrow hits the jelly but does no damage.
Lightning courses through the jelly!!
You kill the jelly!
You start resting.
HP restored.
An ogre comes into view. It is wielding a +0 giant club.
You shoot an arrow.
The arrow hits the ogre but does no damage.
You shoot an arrow. The arrow hits the ogre.
The ogre is lightly wounded.
You shoot an arrow. The arrow barely misses the ogre.
You shoot an arrow. The arrow hits the ogre.
The ogre is moderately wounded.
The ogre closely misses you.
You shoot an arrow. The arrow hits the ogre.
The ogre is moderately wounded.
You shoot an arrow. The arrow hits the ogre.
Lightning courses through the ogre!
The ogre is severely wounded.
The ogre hits you with a +0 giant club!!
Ouch! That really hurt!
You shoot an arrow. The arrow hits the ogre.
The ogre is almost dead.
The ogre hits you with a +0 giant club!!
Ouch! That really hurt!
You die...

##### ###.##.#.....####
#..............
####.#.....####
##...#...##
##########.#.#.#.##
#................#
#.########.#.#.#########
#.# ##......O...... ..#
##.#.#@## ### #.#.#.# #
#.....#
#############...##
..............#.#
#############...# #####


You could see an ogre.

Vanquished Creatures
  Sigmund (D:5)
  A jelly (D:5)
  3 hounds
  3 orc priests
  A sleepcap (D:4)
  An iguana (D:4)
  An orc wizard (D:5)
  Robin (D:3)
  3 gnolls (D:4)
  6 adders
  A shadow imp (D:5)
  A dart slug (D:5)
  4 ribbon worms
  11 orcs
  7 ball pythons
  3 bat skeletons (D:4)
  2 bat zombies (D:4)
  12 endoplasms
  6 giant cockroaches
  14 goblins
  10 hobgoblins
  4 jackals (D:1)
  10 kobolds
  2 quokkas
  A bat (D:2)
  3 frilled lizards
  5 rats
117 creatures vanquished.

Notes
Turn   | Place    | Note
-------+----------+-------------------------------------------
     0 | D:1      | qw the Deep Elf Hunter began the quest for the Orb.
     0 | D:1      | Reached XP level 1. HP: 12/12 MP: 3/3
     0 | D:1      | 0 ||| qw: Version: 0.3-a-160-g6735b56
     0 | D:1      | 0 ||| qw: Game counter: 5059
     0 | D:1      | 0 ||| qw: Melee chars always use a shield: true
     0 | D:1      | 0 ||| qw: God list: Okawaru
     0 | D:1      | 0 ||| qw: Allow faded altars: false
     0 | D:1      | 0 ||| qw: Do Orc after clearing Dungeon:15 true
     0 | D:1      | 0 ||| qw: Do second Lair branch before Depths: true
     0 | D:1      | 0 ||| qw: Lair rune preference: random
     0 | D:1      | 0 ||| qw: Goals: Normal
     0 | D:1      | 0 ||| PLANNING D:1-11
   156 | D:1      | Reached skill level 6 in Ranged Weapons
   156 | D:1      | Reached XP level 2. HP: 16/16 MP: 4/4
   794 | D:1      | 794 ||| UPGRADING to +0 pair of gloves.
   799 | D:1      | 799 ||| DROPPING ring of wizardry.
   800 | D:1      | 800 ||| READING scroll labelled RUSEDE OROULU.
   800 | D:1      | 800 ||| BRANDING +0 shortbow.
   801 | D:1      | 801 ||| READING scroll labelled VOUCSIAFRI.
   801 | D:1      | 801 ||| IDENTIFYING fizzy clear potion
   802 | D:1      | 802 ||| DROPPING scroll of butterflies.
   850 | D:2      | Found an ancient bone altar of Kikubaaqudgha.
   873 | D:2      | Reached XP level 3. HP: 18/20 MP: 5/5
  1075 | D:2      | Reached skill level 7 in Ranged Weapons
  1120 | D:2      | Found a runed translucent door.
  1121 | D:2      | Noticed Crazy Yiuf
  1627 | D:2      | 1627 ||| READING scroll of identify.
  1627 | D:2      | 1627 ||| IDENTIFYING purple potion
  1628 | D:2      | 1628 ||| READING scroll labelled FEGYIZ IBISCH.
  1629 | D:2      | 1629 ||| READING scroll labelled VUKHLI BAUF ZAN.
  1687 | D:2      | 1687 ||| READING scroll labelled ODDEPP LEKAEQA.
  1688 | D:2      | 1688 ||| READING scroll labelled POCSIU ZIPNY.
  1688 | D:2      | 1688 ||| ENCHANTING +0 pair of gloves.
  1689 | D:2      | 1689 ||| READING scroll labelled JABACZ RE PIROER.
  1715 | D:3      | Reached XP level 4. HP: 25/25 MP: 6/6
  1831 | D:3      | Found a runed translucent door.
  1837 | D:3      | Noticed qw's ghost (amateur DEHu)
  1853 | D:3      | Reached skill level 8 in Ranged Weapons
  1866 | D:3      | Noticed Robin
  1881 | D:3      | Killed Robin
  1881 | D:3      | HP: 5/25 [goblin/+0 club[Robin] (2)]
  1882 | D:3      | Reached XP level 5. HP: 4/29 MP: 7/7
  1884 | D:3      | HP: 2/29 [poisoned by a goblin]
  2094 | D:3      | Identified the orb of Shielding {*channel, rElec Int-3 SInv
                  | Tloc}
  2335 | D:3      | 2335 ||| UPGRADING to +0 ring mail.
  2345 | D:3      | 2345 ||| DROPPING +0 leather armour.
  2346 | D:3      | 2346 ||| UPGRADING to +0 helmet.
  2351 | D:3      | 2351 ||| READING 2 scrolls of identify.
  2351 | D:3      | 2351 ||| IDENTIFYING sedimented brown potion
  2352 | D:3      | 2352 ||| READING scroll of identify.
  2352 | D:3      | 2352 ||| IDENTIFYING fizzy golden potion
  2353 | D:3      | 2353 ||| READING 2 scrolls labelled MATUXE PI UNESTRUA.
  2454 | D:3      | 2454 ||| READING scroll labelled JOPHUI MIOTHUKLAL.
  2455 | D:3      | 2455 ||| DROPPING scroll of vulnerability.
  2471 | D:4      | 2471 ||| STAIRDANCE
  2476 | D:4      | 2476 ||| STAIRDANCE
  2502 | D:4      | Found a bloodstained altar of Trog.
  2540 | D:4      | Reached skill level 9 in Ranged Weapons
  2540 | D:4      | Found a radiant altar of Vehumet.
  2618 | D:4      | Found an ancient bone altar of Kikubaaqudgha.
  2717 | D:4      | Reached skill level 1 in Armour
  2787 | D:4      | Reached XP level 6. HP: 35/35 MP: 8/8
  2885 | D:4      | 2885 ||| FLEEEEING.
  2886 | D:4      | 2886 ||| FLEEEEING.
  2887 | D:4      | 2887 ||| FLEEEEING.
  2888 | D:4      | 2888 ||| FLEEEEING.
  2889 | D:4      | 2889 ||| FLEEEEING.
  2890 | D:4      | 2890 ||| FLEEEEING.
  2891 | D:4      | 2891 ||| FLEEEEING.
  3180 | D:4      | 3180 ||| READING scroll of identify.
  3180 | D:4      | 3180 ||| IDENTIFYING sapphire potion
  3181 | D:4      | 3181 ||| DROPPING potion of lignification.
  3192 | D:5      | Entered Level 5 of the Dungeon
  3240 | D:5      | Noticed Sigmund
  3241 | D:5      | 3241 ||| DRINKING potion of haste.
  3246 | D:5      | 3246 ||| DRINKING potion of curing.
  3246 | D:5      | 3246 ||| (to cure confusion)
  3250 | D:5      | Killed Sigmund
  3251 | D:5      | Reached skill level 10 in Ranged Weapons
  3251 | D:5      | Reached XP level 7. HP: 40/40 MP: 9/9
  3288 | D:5      | Found a shimmering blue altar of Sif Muna.
  3288 | D:5      | Found a white marble altar of Elyvilon.
  3342 | D:5      | Reached skill level 3 in Dodging
  3399 | D:5      | 3399 ||| FLEEEEING.
  3410 | D:5      | HP: 10/40 [orc priest/nerve-wracking pain (7)]
  3411 | D:5      | 3411 ||| READING 3 scrolls of teleportation.
  3412 | D:5      | 3412 ||| DRINKING potion of heal wounds.
  3414 | D:5      | Reached skill level 11 in Ranged Weapons
  3415 | D:5      | 3415 ||| FLEEEEING.
  3416 | D:5      | 3416 ||| FLEEEEING.
  3417 | D:5      | 3417 ||| FLEEEEING.
  3420 | D:5      | 3420 ||| FLEEEEING.
  3421 | D:5      | 3421 ||| FLEEEEING.
  3428 | D:5      | 3428 ||| FLEEEEING.
  3434 | D:5      | 3434 ||| FLEEEEING.
  3458 | D:5      | 3458 ||| FLEEEEING.
  3470 | D:5      | 3470 ||| FLEEEEING.
  3522 | D:5      | Mangled by an ogre

Levels and vault maps discovered:
D:1:      moated_graveyard_arrival, layout_basic,
          chequers_serial_rivers_micro_d, serial_bayou_lagoon_a,
          nicolae_hexahallways, minmay_misc_feat_rugged
D:2:      layout_loops_ring, basic_altar, hangedman_decor_push,
          uniq_crazy_yiuf_cottage
D:3:      layout_rooms, ebering_ghost_sewer_d, uniq_robin
D:4:      layout_basic, kennysheep_vampire_church, mainiacjoe_overflow_chevrons,
          overflow_temple_1_default, chequers_serial_rivers_large_b,
          grunt_ministairs_5
D:5:      layout_loops_ring, mainiacjoe_overflow_divided_tiny, uniq_grinder,
          uniq_sigmund

Skill      XL: |  1  2  3  4  5  6  7 |
---------------+----------------------+-----
Ranged Weapons | 6 7 8 9 10 11 | 11.2
Fighting       | 2 |  2.0
Armour         | 1 |  1.1
Dodging        | 3 |  3.0
Stealth        | |  1.2

Action                     |  1- 3 |  4- 6 |  7- 9 || total
---------------------------+-------+-------+-------++-------
   Fire: Shortbow          |   116 |   159 |    55 ||   330
    Use: Scroll            |     8 |     5 |     1 ||    14
         Potion            |       |     2 |     1 ||     3
 Armour: Leather armour    |    28 |    16 |       ||    44
         Ring mail         |       |    29 |     8 ||    37
  Dodge: Dodged            |    37 |    39 |    14 ||    90

Table legend:
 A = Non-vault XP
 B = Vault XP
 C = Vault XP percentage of total XP
 D = Non-vault monster count
 E = Vault monster count
 F = Vault count percentage of total count
                 A         B        C        D         E       F
            +---------+---------+-------+---------+---------+-------
      Total |     687 |     294 |  30.0 |      96 |      21 |  17.9
            +---------+---------+-------+---------+---------+-------
        D:1 |      31 |       0 |   0.0 |      16 |       0 |   0.0
        D:2 |      62 |       0 |   0.0 |      23 |       0 |   0.0
        D:3 |      86 |      38 |  30.6 |      18 |      13 |  41.9
        D:4 |     305 |      25 |   7.6 |      26 |       7 |  21.2
        D:5 |     203 |     231 |  53.2 |      13 |       1 |   7.1
            +---------+---------+-------+---------+---------+-------
